PA
DELAWARE 1787 BC @ VALLEY BLUE SOX
07/30/2033
 
TOP OF THE 1ST
Delaware 1787 BC batting - Pitching for Valley Blue Sox : RHP Jordan Guérin
Pitching: RHP Jordan Guérin
Batting: RHB Román Ramírez 0-0: Called Strike
0-1: Ball
1-1: Ball
2-1: Ground out 4-3 (Groundball, 4MD)
Batting: LHB António Casas 0-0: Ball
1-0: Swinging Strike
1-1: Foul Ball, location: 2F
1-2: Strikes out swinging
Batting: RHB Carlos Mendoza 0-0: Called Strike
0-1: Ball
1-1: Called Strike
1-2: Strikes out swinging
Top of the 1st over - 0 runs, 0 hits, 0 errors, 0 left on base; Delaware 0 - Valley 0
BOTTOM OF THE 1ST
Valley Blue Sox batting - Pitching for Delaware 1787 BC : RHP Juriaan Roos
Pitching: RHP Juriaan Roos
Batting: RHB Grady Harris 0-0: Ball
1-0: Called Strike
1-1: SINGLE (Groundball, 56D)
Batting: RHB Spartak Gonjarov 0-0: Called Strike
Grady Harris steals 2nd base
0-1: Swinging Strike
0-2: Ball
1-2: Ball
2-2: Strikes out swinging
Batting: RHB Rob Brooks 0-0: Ball
1-0: SINGLE (Line Drive, 8LS)
Grady Harris to third
Batting: RHB Mark Lizárraga 0-0: Called Strike
0-1: Ball
1-1: Ball
2-1: Called Strike
2-2: Ball
3-2: SINGLE (Groundball, 4MD)
Grady Harris scores
Rob Brooks to second
Batting: RHB Roy Burns 0-0: Ball
1-0: Fielders Choice at 2nd, 6-4 (Groundball, 6)
Rob Brooks to third
Batting: RHB Dallas Jiménez 0-0: Fly out, F7 (Flyball, 7LMF)
Bottom of the 1st over - 1 run, 3 hits, 0 errors, 2 left on base; Delaware 0 - Valley 1
TOP OF THE 2ND
Delaware 1787 BC batting - Pitching for Valley Blue Sox : RHP Jordan Guérin
Batting: LHB Todd Bonzalez 0-0: Called Strike
0-1: Swinging Strike
0-2: Ball
1-2: Strikes out swinging
Batting: LHB Manuel Gonzáles 0-0: Called Strike
0-1: Ball
1-1: Called Strike
1-2: Ball
2-2: Ball
3-2: Strikes out swinging
Batting: RHB Andrew Irwin 0-0: Ball
1-0: Called Strike
1-1: Ball
2-1: Foul Ball, location: 2F
2-2: Strikes out looking
Top of the 2nd over - 0 runs, 0 hits, 0 errors, 0 left on base; Delaware 0 - Valley 1
BOTTOM OF THE 2ND
Valley Blue Sox batting - Pitching for Delaware 1787 BC : RHP Juriaan Roos
Batting: RHB Tomás Cameros 0-0: Ball
1-0: Called Strike
1-1: Swinging Strike
1-2: Strikes out swinging
Batting: SHB Donnie Magee 0-0: Ball
1-0: Ball
2-0: Ball
3-0: Called Strike
3-1: SINGLE (Flyball, 9LS)
Batting: RHB Melvin Daniels 0-0: Called Strike
0-1: Ball
1-1: Foul Ball, location: 2F
1-2: Ball
2-2: Ball
3-2: Ground out 3-1 (Groundball, 34S)
Donnie Magee to second
Batting: RHB Grady Harris 0-0: Ball
1-0: Ball
2-0: Ball
3-0: Base on Balls
Batting: RHB Spartak Gonjarov 0-0: Ball
1-0: Ball
2-0: Swinging Strike
2-1: Foul Ball, location: 2F
2-2: Foul Ball, location: 2F
2-2: Ground out 6-3 (Groundball, 56)
Bottom of the 2nd over - 0 runs, 1 hit, 0 errors, 2 left on base; Delaware 0 - Valley 1
TOP OF THE 3RD
Delaware 1787 BC batting - Pitching for Valley Blue Sox : RHP Jordan Guérin
Batting: RHB Gaetan Fornasari 0-0: Ground out 5-3 (Groundball, 56S)
Pitching: LHP Gao Mar
Batting: LHB León Sandoval 0-0: Foul Ball, location: 2F
0-1: Foul Ball, location: 2F
0-2: Ball
1-2: Ground out 4-3 (Groundball, 4D)
Batting: RHB Pedro Ortíz 0-0: Swinging Strike
0-1: Called Strike
0-2: Foul Ball, location: 2F
0-2: Foul Ball, location: 2F
0-2: Ball
1-2: Strikes out swinging
Top of the 3rd over - 0 runs, 0 hits, 0 errors, 0 left on base; Delaware 0 - Valley 1
BOTTOM OF THE 3RD
Valley Blue Sox batting - Pitching for Delaware 1787 BC : RHP Juriaan Roos
Batting: RHB Rob Brooks 0-0: SINGLE (Line Drive, 56D)
Batting: RHB Mark Lizárraga 0-0: Foul Ball, location: 2F
0-1: Grounds into double play, 5-4-3 (Groundball, 5L)
Batting: RHB Roy Burns 0-0: Ball
1-0: Ball
2-0: Foul Ball, location: 2F
2-1: Fly out, F7 (Flyball, 7LM)
Bottom of the 3rd over - 0 runs, 1 hit, 0 errors, 0 left on base; Delaware 0 - Valley 1
TOP OF THE 4TH
Delaware 1787 BC batting - Pitching for Valley Blue Sox : LHP Gao Mar
Batting: RHB Román Ramírez 0-0: Ball
1-0: Ball
2-0: Called Strike
2-1: Ball
3-1: Foul Ball, location: 2F
3-2: Base on Balls
Batting: LHB António Casas 0-0: Called Strike
0-1: Fly out, F9 (Flyball, 9S)
Batting: RHB Carlos Mendoza 0-0: Ball
1-0: Ball
2-0: Ball
3-0: Base on Balls
Román Ramírez to second
Batting: LHB Todd Bonzalez 0-0: Called Strike
0-1: Ball
Wild Pitch!
Román Ramírez to third
Carlos Mendoza to second
1-1: Called Strike
1-2: Foul Ball, location: 2F
1-2: Ball
2-2: Ball
3-2: Foul Ball, location: 2F
3-2: Base on Balls
Batting: LHB Manuel Gonzáles 0-0: Foul Ball, location: 2F
0-1: Ball
1-1: Called Strike
1-2: Strikes out swinging
Batting: RHB Andrew Irwin 0-0: Ball
1-0: Foul Ball, location: 2F
1-1: Ball
2-1: Called Strike
2-2: Foul Ball, location: 2F
2-2: Strikes out looking
Top of the 4th over - 0 runs, 0 hits, 0 errors, 3 left on base; Delaware 0 - Valley 1
BOTTOM OF THE 4TH
Valley Blue Sox batting - Pitching for Delaware 1787 BC : RHP Juriaan Roos
Batting: RHB Dallas Jiménez 0-0: Swinging Strike
0-1: Ball
1-1: SINGLE (Groundball, 34S) (infield hit)
Batting: RHB Tomás Cameros 0-0: Ball
1-0: Fly out, F7 (Line Drive, 7D)
Batting: SHB Donnie Magee 0-0: Called Strike
0-1: Called Strike
0-2: Ball
Wild Pitch!
Dallas Jiménez to second
1-2: Strikes out swinging
Batting: RHB Melvin Daniels 0-0: Swinging Strike
0-1: Foul Ball, location: 2F
0-2: Strikes out looking
Bottom of the 4th over - 0 runs, 1 hit, 0 errors, 1 left on base; Delaware 0 - Valley 1
TOP OF THE 5TH
Delaware 1787 BC batting - Pitching for Valley Blue Sox : LHP Gao Mar
Batting: RHB Gaetan Fornasari 0-0: Called Strike
0-1: Ball
1-1: Called Strike
1-2: Ball
2-2: Ball
3-2: Ground out 4-3 (Groundball, 4)
Batting: LHB León Sandoval 0-0: Called Strike
0-1: SINGLE (Flyball, 9LM)
Batting: RHB Pedro Ortíz 0-0: Foul Ball, location: 2F
0-1: Ball
1-1: Called Strike
1-2: Strikes out swinging
Batting: RHB Román Ramírez 0-0: Foul Ball, location: 2F
0-1: Foul Ball, location: 2F
0-2: Ball
1-2: Ball
2-2: Ball
3-2: Strikes out looking
Top of the 5th over - 0 runs, 1 hit, 0 errors, 1 left on base; Delaware 0 - Valley 1
BOTTOM OF THE 5TH
Valley Blue Sox batting - Pitching for Delaware 1787 BC : RHP Juriaan Roos
Batting: RHB Grady Harris 0-0: Foul Ball, location: 2F
0-1: Ball
1-1: Ball
2-1: Ball
3-1: Swinging Strike
3-2: Foul Ball, location: 2F
3-2: Ground out 3-1 (Groundball, 34S)
Batting: RHB Spartak Gonjarov 0-0: Called Strike
0-1: Swinging Strike
0-2: Strikes out swinging
Batting: RHB Rob Brooks 0-0: Ball
1-0: Ball
2-0: Called Strike
2-1: Ball
3-1: Ground out 6-3 (Groundball, 6)
Bottom of the 5th over - 0 runs, 0 hits, 0 errors, 0 left on base; Delaware 0 - Valley 1
TOP OF THE 6TH
Delaware 1787 BC batting - Pitching for Valley Blue Sox : LHP Gao Mar
Batting: LHB António Casas 0-0: Foul Ball, location: 2F
0-1: Ball
1-1: Foul Ball, location: 2F
1-2: Strikes out looking
Batting: RHB Carlos Mendoza 0-0: Called Strike
0-1: Ball
1-1: Ground out 6-3 (Groundball, 6)
Batting: LHB Todd Bonzalez 0-0: Ball
1-0: Called Strike
1-1: Ground out 6-3 (Groundball, 6M)
Top of the 6th over - 0 runs, 0 hits, 0 errors, 0 left on base; Delaware 0 - Valley 1
BOTTOM OF THE 6TH
Valley Blue Sox batting - Pitching for Delaware 1787 BC : RHP Juriaan Roos
Batting: RHB Mark Lizárraga 0-0: Ball
1-0: Ball
2-0: Called Strike
2-1: Swinging Strike
2-2: Strikes out looking
Batting: RHB Roy Burns 0-0: Ball
1-0: Ball
2-0: Called Strike
2-1: Foul Ball, location: 2F
2-2: Ball
3-2: Ground out 6-3 (Groundball, 6S)
Batting: RHB Dallas Jiménez 0-0: Ball
1-0: Ball
2-0: Ball
3-0: Base on Balls
Batting: RHB Tomás Cameros 0-0: Called Strike
0-1: Ball
1-1: Ball
2-1: Ground out 4-3 (Groundball, 34)
Bottom of the 6th over - 0 runs, 0 hits, 0 errors, 1 left on base; Delaware 0 - Valley 1
TOP OF THE 7TH
Delaware 1787 BC batting - Pitching for Valley Blue Sox : LHP Gao Mar
Pitching: RHP Jen-ta Men
Batting: LHB Manuel Gonzáles 0-0: Called Strike
0-1: Swinging Strike
0-2: Strikes out looking
Batting: RHB Andrew Irwin 0-0: Ball
1-0: Ball
2-0: Foul Ball, location: 2F
2-1: Foul Ball, location: 2F
2-2: Strikes out looking
Batting: RHB Gaetan Fornasari 0-0: Ball
1-0: Foul Ball, location: 2F
1-1: Ground out 3-1 (Groundball, 3S)
Top of the 7th over - 0 runs, 0 hits, 0 errors, 0 left on base; Delaware 0 - Valley 1
BOTTOM OF THE 7TH
Valley Blue Sox batting - Pitching for Delaware 1787 BC : RHP Juriaan Roos
Batting: SHB Donnie Magee 0-0: Ball
1-0: Foul Ball, location: 2F
1-1: Ball
2-1: Foul Ball, location: 2F
2-2: Strikes out swinging
Batting: RHB Melvin Daniels 0-0: Foul Ball, location: 2F
0-1: Foul Ball, location: 2F
0-2: SINGLE (Groundball, 6MD)
Pitching: LHP Gavin Botterell
Batting: RHB Grady Harris 0-0: Called Strike
0-1: Swinging Strike
0-2: Ball
1-2: Foul Ball, location: 2F
1-2: Strikes out swinging
Batting: RHB Spartak Gonjarov 0-0: Ball
1-0: Called Strike
1-1: SINGLE (Flyball, 89S)
Melvin Daniels to second
Runner from 2nd tries for 3rd, SAFE, no throw
Batting: RHB Rob Brooks 0-0: Ball
1-0: Ball
2-0: SINGLE (Groundball, 6S) (infield hit)
Melvin Daniels scores
Spartak Gonjarov to second
Batting: RHB Mark Lizárraga 0-0: Ground out 5-3 (Groundball, 56)
Bottom of the 7th over - 1 run, 3 hits, 0 errors, 2 left on base; Delaware 0 - Valley 2
TOP OF THE 8TH
Delaware 1787 BC batting - Pitching for Valley Blue Sox : RHP Jen-ta Men
Batting: LHB León Sandoval 0-0: Called Strike
0-1: Ball
1-1: Swinging Strike
1-2: Strikes out swinging
Batting: RHB Pedro Ortíz 0-0: Ball
1-0: Foul Ball, location: 2F
1-1: Ball
2-1: Foul Ball, location: 2F
2-2: Strikes out looking
Batting: RHB Román Ramírez 0-0: Ball
1-0: Ball
2-0: Called Strike
2-1: Ball
3-1: SINGLE (Groundball, 6MD)
Batting: LHB António Casas 0-0: Ball
1-0: Called Strike
1-1: Foul Ball, location: 2F
1-2: Foul Ball, location: 2F
1-2: Ball
2-2: SINGLE (Groundball, 34D)
Román Ramírez to second
Runner from 2nd tries for 3rd, SAFE, no throw
Batting: RHB Carlos Mendoza 0-0: Ball
1-0: Fly out, F4 (Popup, 4S)
Top of the 8th over - 0 runs, 2 hits, 0 errors, 2 left on base; Delaware 0 - Valley 2
BOTTOM OF THE 8TH
Valley Blue Sox batting - Pitching for Delaware 1787 BC : LHP Gavin Botterell
Batting: RHB Roy Burns 0-0: Ball
1-0: Foul Ball, location: 2F
1-1: Swinging Strike
1-2: Ball
2-2: Foul Ball, location: 2F
2-2: Foul Ball, location: 2F
2-2: Ground out 6-3 (Groundball, 6)
Batting: RHB Dallas Jiménez 0-0: Ball
1-0: Fly out, F4 (Line Drive, 4)
Batting: RHB Tomás Cameros 0-0: Swinging Strike
0-1: Ball
1-1: Foul Ball, location: 2F
1-2: Strikes out swinging
Bottom of the 8th over - 0 runs, 0 hits, 0 errors, 0 left on base; Delaware 0 - Valley 2
TOP OF THE 9TH
Delaware 1787 BC batting - Pitching for Valley Blue Sox : RHP Jen-ta Men
Pitching: RHP Tom Holloway
Batting: LHB Todd Bonzalez 0-0: Ball
1-0: Called Strike
1-1: Swinging Strike
1-2: Foul Ball, location: 2F
1-2: SINGLE (Flyball, 7S)
Batting: LHB Manuel Gonzáles 0-0: Fly out, F7 (Flyball, 7D)
Batting: RHB Andrew Irwin 0-0: Foul Ball, location: 2F
0-1: Grounds into double play, 5-4-3 (Groundball, 56)
Top of the 9th over - 0 runs, 1 hit, 0 errors, 0 left on base; Delaware 0 - Valley 2
Saturday, December 22nd, 2018 - OOTP Baseball 18.8 Build 76